 Dungeon Sprint DCSS version 0.23.2-1-ga50397a6bc (webtiles) character file.

Game seed: 15152779307339396892

998 Kobolds4U the Imperceptible (level 8, -16/36 HPs)
             Began as a Spriggan Enchanter on May 23, 2019.
             Was a Follower of Okawaru.
             Demolished by a sun demon (21 damage)
             ... summoned by a kobold demonologist
             ... in the Dungeon (Sprint I: "Red Sonja").
             The game lasted 00:02:54 (405 turns).

Kobolds4U the Imperceptible (Spriggan Enchanter)     Turns: 405, Time: 00:02:55

Health: -16/36     AC:  2    Str:  4    XL:     8   Next: 0%
Magic:  9/13       EV: 22    Int: 17    God:    Okawaru [*.....]
Gold:   423        SH:  0    Dex: 18    Spells: 9/12 levels left

rFire    . . .     SeeInvis +   a - +1 dagger
rCold    . . .     Gourm    .   (shield restricted)
rNeg     . . .     Faith    .   b - +0 robe
rPois    .         Spirit   .   (helmet restricted)
rElec    .         Reflect  .   (no cloak)
rCorr    .         Harm     .   (gloves unavailable)
MR       +....     NoTele   +   (boots unavailable)
Stlth    ++++++++..             (no amulet)
HPRegen  0.12/turn              (no ring)
MPRegen  0.13/turn              (no ring)

@: berserk cooldown, very slightly contaminated, slowed, quick
A: very small, unfitting armour, see invisible, herbivore, speed 3, slow
metabolism 2
a: Heroism, Renounce Religion


You were in the Dungeon.
You worshipped Okawaru.
Okawaru was aware of your devotion.
You were not hungry.

You visited 1 branch You collected 423 gold pieces.

Inventory:

Hand Weapons
 a - a +1 dagger (weapon)
 c - a +0 arbalest
Armour
 b - a +0 robe (worn)
Potions
 e - a potion of curing
 g - a potion of haste
 h - 2 potions of magic
Comestibles
 d - 2 rations


   Skills:
 - Level 1.1 Short Blades
 + Level 6.0 Dodging
 * Level 22.2 Stealth
 - Level 2.6 Spellcasting
 - Level 7.3 Hexes


You had 9 spell levels left.
You knew the following spells:

 Your Spells              Type           Power        Failure   Level  Hunger
a - Corona                Hex            ####...      1%          1    #......
b - Ensorcelled Hibernat  Hex/Ice        ##....       6%          2    ##.....

Your spell library contained the following spells:

 Spells                   Type           Power        Failure   Level  Hunger
 Confuse                  Hex            ####....     2%          3    ###....
 Tukima's Dance           Hex            ####....     2%          3    ###....
 Dazzling Spray           Conj/Hex       ##....       12%         3    ###....


Dungeon Overview and Level Annotations

Branches:
Dungeon (1/1)

Altars:
Cheibriados
Dithmenos
Elyvilon
Fedhas
Gozag
Hepliaklqana
Kikubaaqudgha
Makhleb
Nemelex Xobeh
Okawaru
Qazlal
Ru
Sif Muna
Trog
Uskayaw
Vehumet
Wu Jian
Xom
Yredelemnul
Zin
The Shining One
Jiyva
Lugonu

Shops:
D [


Innate Abilities, Weirdness & Mutations

You are very small and have problems with some larger weapons.
You are too small for most types of armour.
You have supernaturally acute eyesight. (SInv)
You are a herbivore.
You cover ground extremely quickly.
You need to consume almost no food.


Message History

The ynoxinul is engulfed in seething chaos.
Okay, then.
Casting: Ensorcelled Hibernation (safe; 6% risk of failure)
Confirm with . or Enter, or press ? or * to list all spells.
Aiming: Ensorcelled Hibernation (safe; 6% risk of failure)
Press: ? - help, Shift-Dir - straight line, f - kobold demonologist
Aim: a kobold demonologist, wielding a +0 dagger and wearing a +1 robe of positive energy (chance to defeat MR: 28%)
The sun demon resists with almost no effort.
You close the door.
A sun demon opens the door.
There is an open door here.
Things that are here:
a cursed -3 giant club; an ogre corpse The ynoxinul disappears in a puff of smoke!
There is an open door here.
Things that are here:
a +0 leather armour; the goblin skeleton of Ijyb
There is an open door here.
The sun demon hits you!!
Ouch! That really hurt!
You die...

###################
#<.#.K')5#.)'5.#__#
#..K..#..'.§#..'.5'
#..#####'#####'#__#
#.3####..#...#.####
#.@#__####..##.#
#..#_____##'#_.+
#⌠⌠#_.∩...'..._#
####_..__##_.#'#
#_____###+#.#
####### ###


You could see a sun demon and a kobold demonologist.

Vanquished Creatures
  A kobold demonologist (D)
  A slime creature (D)
  A yak (D)
  Sigmund (D)
  A floating eye (D)
  An ogre (D)
  A jelly (D)
  Ijyb (D)
8 creatures vanquished.

Notes
Turn   | Place    | Note
-------+----------+-------------------------------------------
     0 | D        | Kobolds4U the Spriggan Enchanter began the quest for the
                  | Orb.
     0 | D        | Reached XP level 1. HP: 9/9 MP: 5/5
     1 | D        | Noticed Ijyb
    29 | D        | Killed Ijyb
    29 | D        | Reached skill level 8 in Stealth
    29 | D        | Reached skill level 5 in Hexes
    29 | D        | Reached XP level 2. HP: 6/13 MP: 6/6
    34 | D        | Learned a level 2 spell: Ensorcelled Hibernation
   181 | D        | Noticed an ogre
   188 | D        | Killed an ogre
   188 | D        | Reached skill level 12 in Stealth
   188 | D        | Reached XP level 3. HP: 16/16 MP: 2/8
   188 | D        | Reached XP level 4. HP: 21/21 MP: 2/9
   259 | D        | Noticed Sigmund
   262 | D        | Killed Sigmund
   262 | D        | Reached skill level 16 in Stealth
   262 | D        | Reached XP level 5. HP: 24/24 MP: 10/10
   274 | D        | Found a burning altar of Makhleb.
   274 | D        | Found a viscous altar of Jiyva.
   274 | D        | Found a shimmering altar of Xom.
   274 | D        | Found a corrupted altar of Lugonu.
   274 | D        | Noticed a slime creature
   277 | D        | Killed a slime creature
   277 | D        | Reached skill level 19 in Stealth
   277 | D        | Reached XP level 6. HP: 28/28 MP: 11/11
   280 | D        | Found an ornate altar of the Wu Jian Council.
   280 | D        | Found a deep blue altar of Sif Muna.
   282 | D        | Found a radiant altar of Vehumet.
   320 | D        | Found Juus's Armour Emporium.
   320 | D        | Found an ancient bone altar of Kikubaaqudgha.
   320 | D        | Found a hazy altar of Hepliaklqana.
   320 | D        | Found a hide-covered altar of Uskayaw.
   320 | D        | Found a basalt altar of Yredelemnul.
   320 | D        | Found an opulent altar of Gozag.
   320 | D        | Found a snail-covered altar of Cheibriados.
   320 | D        | Found a sacrificial altar of Ru.
   320 | D        | Found a shadowy altar of Dithmenos.
   320 | D        | Noticed a yak
   321 | D        | Found a stormy altar of Qazlal.
   321 | D        | Found a blossoming altar of Fedhas.
   321 | D        | Found a bloodstained altar of Trog.
   321 | D        | Found an iron altar of Okawaru.
   321 | D        | Found a glowing golden altar of the Shining One.
   321 | D        | Found a glowing silver altar of Zin.
   321 | D        | Found a white marble altar of Elyvilon.
   322 | D        | Killed a yak
   322 | D        | Reached skill level 20 in Stealth
   322 | D        | Reached XP level 7. HP: 32/32 MP: 12/12
   323 | D        | Found a sparkling altar of Nemelex Xobeh.
   328 | D        | Became a worshipper of Warmaster Okawaru
   353 | D        | Noticed a kobold demonologist
   354 | D        | Noticed a kobold demonologist
   356 | D        | Reached skill level 21 in Stealth
   360 | D        | Noticed a sixfirhy
   361 | D        | Noticed a rust devil
   374 | D        | Noticed a chaos spawn
   375 | D        | Noticed a ynoxinul
   388 | D        | Noticed an ice devil
   389 | D        | Killed a kobold demonologist
   389 | D        | Reached * piety under Okawaru
   389 | D        | Reached skill level 22 in Stealth
   389 | D        | Reached XP level 8. HP: 6/36 MP: 9/13
   392 | D        | Noticed a sun demon
   405 | D        | Demolished by a sun demon

Skill      XL: |  1  2  3  4  5  6  7 |
---------------+----------------------+-----
Stealth        | 8 12 16 19 20 22 | 22.2
Hexes          | 5 7 |  7.3
Dodging        | 6 |  6.0
Short Blades   | |  1.1
Spellcasting   | |  2.6

Action                   |  1- 3 |  4- 6 |  7- 9 || total
-------------------------+-------+-------+-------++-------
Melee: Dagger            |    28 |     5 |    22 ||    55
 Cast: Ensorcelled Hiber |     2 |     1 |     4 ||     7
  Use: Potion            |       |       |     2 ||     2
       Scroll            |       |       |     1 ||     1
 Stab: Sleeping          |     2 |     4 |     1 ||     7
Armor: Robe              |       |     2 |     2 ||     4
Dodge: Dodged            |    22 |       |    19 ||    41
